[Event "ICC tourney 2875 (40 10)"]
[Site "Internet Chess Club"]
[Date "2022.04.09"]
[Round "5"]
[White "SHEEHAN, ETHAN THOMAS:Chessking2008"]
[Black "MITRABHA, GUHA:babysnake"]
[Result "1/2-1/2"]
[ICCResult "Game drawn because neither player has mating material"]
[WhiteElo "2250"]
[BlackElo "2560"]
[Opening "Sicilian: Richter-Rauzer, Rauzer attack, 7...a6 defense, 9...Be7"]
[ECO "B68"]
[NIC "SI.27"]
[Time "20:00:53"]
[PlyCount "131"]
[TimeControl "2400+10"]

1. Nf3 c5 2. e4 d6 3. d4 cxd4 4. Nxd4 Nf6 5. Nc3 Nc6 6. Bg5 e6 7. Qd2 Be7 8.
O-O-O a6 9. f4 Bd7 10. Be2 b5 11. Bf3 Rc8 12. e5 dxe5 13. Nxc6 Bxc6 14.
Bxc6+ Rxc6 15. Qe3 Qc7 16. Qxe5 Qxe5 17. fxe5 Ng4 18. Bxe7 Kxe7 19. Rhe1 Rc5
20. Rd6 Rhc8 21. Rxa6 b4 22. Re4 bxc3 23. Rxg4 cxb2+ 24. Kxb2 Rxc2+ 25. Kb3
Kf8 26. Ra7 h5 27. Rf4 Rxg2 28. Rfxf7+ Kg8 29. Rfe7 Kh7 30. Rxe6 Rxh2 31.
Rd6 Rcc2 32. Rdd7 Rhg2 33. e6 Rce2 34. e7 Re4 35. Rd8 Rge2 36. Rdd7 R2e3+
37. Kc2 Kh6 38. e8=Q Rxe8 39. Rxg7 R3e5 40. Rg1 h4 41. Rg4 Rh5 42. Rc4 Re6
43. Rcc7 Kg6 44. Rg7+ Kf6 45. Raf7+ Ke5 46. Rg1 h3 47. Rh1 Rg6 48. Kd3 Rg2
49. Re7+ Kd6 50. Ree1 Rxa2 51. Ke4 h2 52. Kf3 Rh3+ 53. Kg4 Rb3 54. Rd1+ Kc5
55. Rc1+ Kd4 56. Rcd1+ Ke3 57. Rde1+ Kd3 58. Rd1+ Kc3 59. Rc1+ Kb4 60. Rb1
Rg2+ 61. Kh4 Rxb1 62. Rxb1+ Kc3 63. Rh1 Kd3 64. Kh3 Rf2 65. Rxh2 Rxh2+ 66.
Kxh2 {Game drawn because neither player has mating material} 1/2-1/2

[Event "ICC tourney 2875 (40 10)"]
[Site "Internet Chess Club"]
[Date "2022.04.09"]
[Round "5"]
[White "IVANOV, ALEXANDER:marble"]
[Black "QUIRKE, JEFFREY L:PawnEatingZombi"]
[Result "1-0"]
[ICCResult "Black resigns"]
[WhiteElo "2391"]
[BlackElo "2049"]
[Opening "Caro-Kann: advance variation"]
[ECO "B12"]
[NIC "CK.04"]
[Time "20:00:13"]
[PlyCount "129"]
[TimeControl "2400+10"]

1. e4 c6 2. d4 d5 3. e5 Bf5 4. h4 h5 5. c4 e6 6. Nc3 dxc4 7. Bxc4 Nd7 8.
Nge2 Be7 9. Ng3 Bg6 10. Nge4 Nb6 11. Bb3 Nh6 12. Bxh6 Rxh6 13. Qd2 Rh8 14.
Qf4 Bxe4 15. Nxe4 Nd5 16. Bxd5 Bb4+ 17. Nc3 Qxd5 18. O-O Bxc3 19. bxc3 Rd8
20. Qg5 Rh6 21. f3 Rg6 22. Qxh5 Qc4 23. Rac1 Qe2 24. Rf2 Qe3 25. Rc2 Qf4 26.
Rfe2 Rh6 27. Qg5 Qxh4 28. Qxh4 Rxh4 29. g3 Rh8 30. Kg2 Rd7 31. f4 Ke7 32.
Kf3 Rc8 33. Ke4 c5 34. Red2 cxd4 35. cxd4 Rdc7 36. Rxc7+ Rxc7 37. g4 g6 38.
f5 gxf5+ 39. gxf5 exf5+ 40. Kxf5 Rc1 41. d5 Rf1+ 42. Ke4 Re1+ 43. Kd4 Rf1
44. Rd3 Kd7 45. Ke4 Re1+ 46. Kf5 Rf1+ 47. Kg5 Rf2 48. a3 Rf1 49. Rd4 Rg1+
50. Kf5 Rf1+ 51. Kg5 Rg1+ 52. Kf6 Rf1+ 53. Kg5 Rg1+ 54. Kf5 Rf1+ 55. Rf4
Rxf4+ 56. Kxf4 b5 57. Ke4 a5 58. Kd4 Ke7 59. Kc5 b4 60. axb4 axb4 61. Kxb4
f6 62. exf6+ Kxf6 63. Kc5 Ke7 64. Kc6 Kd8 65. Kd6 {Black resigns} 1-0